 Dungeon Crawl Stone Soup version 0.29-a0-206-g4a66f2e2b5 (webtiles) character file.

Game seed: 16716672905637382640

331 Hasart the Shooter (level 6, 0/51 HPs)
             Began as a Demigod Hunter on Feb 23, 2022.
             Slain by a kobold brigand
             ... wielding a +0 whip
              (8 damage)
             ... in a sewer.
             The game lasted 00:04:00 (2873 turns).

Hasart the Shooter (Demigod Hunter)                 Turns: 2873, Time: 00:04:00

Health: 0/51       AC:  3    Str: 13    XL:     6   Next: 5%
Magic:  8/8        EV: 13    Int: 13    God:
Gold:   273        SH:  0    Dex: 22    Spells: 5/5 levels left

rFire   . . .      SeeInvis +   a - +1 shortbow
rCold   . . .      Faith    .   (shield currently unavailable)
rNeg    . . .      Spirit   .   b - +0 leather armour
rPois   +          Reflect  .   (no helmet)
rElec   .          Harm     .   (no cloak)
rCorr   .          Rampage  .   (no gloves)
Will    .....                   (no boots)
Stlth   ++........              (no amulet)
HPRegen 0.17/turn               g - ring of see invisible
MPRegen 0.11/turn               m - ring of poison resistance

@: no status effects
A: high MP 1, forlorn, divine attributes
a: no special abilities


You were in a sewer.
You visited 1 branch of the dungeon, and saw 4 of its levels.
You also visited: Sewer.

You collected 273 gold pieces.

Inventory:

Hand Weapons
 a - a +1 shortbow (weapon)
Armour
 b - a +0 leather armour (worn)
Jewellery
 g - a ring of see invisible (left hand)
 m - a ring of poison resistance (right hand)
 q - a +6 ring of intelligence
 r - a ring of magical power
 s - a ring of fire
Scrolls
 e - a scroll of fear {unknown}
 h - a scroll of vulnerability {unknown}
 k - 6 scrolls of identify {unknown}
 l - a scroll of magic mapping {unknown}
 n - 2 scrolls of teleportation {unknown}
 p - a scroll of torment {unknown}
 v - 3 scrolls of enchant armour {unknown}
Potions
 c - a potion of attraction {unknown}
 d - a potion of invisibility {unknown}
 f - a potion of curing {unknown}
 i - a potion of magic {unknown}
 j - 2 potions of flight {unknown}
 o - a potion of degeneration {unknown}
 t - a potion of heal wounds {unknown}
 u - a potion of resistance {unknown}


   Skills:
 + Level 3.0 Fighting
 * Level 5.2 Bows
 + Level 3.1 Dodging
 + Level 2.8 Stealth


You had 5 spell levels left.
You didn't know any spells.
Your spell library was empty.

Dungeon Overview and Level Annotations

Branches:
Dungeon (4/15)              Sewer (1/1)
 Temple: D:4-7

Annotations:
D:4 Dowan, Duvessa, Edmund, Sigmund


Innate Abilities, Weirdness & Mutations

You have an increased reservoir of magic. (+10% MP)
You shall have no god before yourself.
Your divine heritage dramatically boosts your attributes as you level up.


Message History

Press: ? - help, Q - select action Shift-Dir - straight line, f - kobold brigand
Aim: a kobold brigand, wielding a +0 whip and quivering poisoned darts (moderately wounded, 61% to hit)
You shoot an arrow.
The arrow barely misses the kobold brigand.
The kobold brigand hits you with a +0 whip!
Shoot: a) +1 shortbow
Press: ? - help, Q - select action Shift-Dir - straight line, f/p - kobold brigand
Aim: a kobold brigand, wielding a +0 whip and quivering poisoned darts (moderately wounded, 61% to hit)
You shoot an arrow. The arrow hits the kobold brigand.
The kobold brigand is heavily wounded.
The kobold brigand hits you with a +0 whip.
Shoot: a) +1 shortbow
Press: ? - help, Q - select action Shift-Dir - straight line, f/p - kobold brigand
Aim: a kobold brigand, wielding a +0 whip and quivering poisoned darts (heavily wounded, 61% to hit)
You shoot an arrow.
The arrow closely misses the kobold brigand.
The kobold brigand hits you with a +0 whip.
* * * LOW HITPOINT WARNING * * *
Shoot: a) +1 shortbow
Press: ? - help, Q - select action Shift-Dir - straight line, f/p - kobold brigand
Aim: a kobold brigand, wielding a +0 whip and quivering poisoned darts (heavily wounded, 61% to hit)
You shoot an arrow. The arrow hits the kobold brigand.
The kobold brigand is heavily wounded.
The kobold brigand closely misses you.
The kobold brigand hits you with a +0 whip.
* * * LOW HITPOINT WARNING * * *
Shoot: a) +1 shortbow
Press: ? - help, Q - select action Shift-Dir - straight line, f/p - kobold brigand
Aim: a kobold brigand, wielding a +0 whip and quivering poisoned darts (heavily wounded, 61% to hit)
You shoot an arrow. The arrow hits the kobold brigand.
The kobold brigand is severely wounded.
The kobold brigand hits you with a +0 whip.
* * * LOW HITPOINT WARNING * * *
Shoot: a) +1 shortbow
Press: ? - help, Q - select action Shift-Dir - straight line, f/p - kobold brigand
Aim: a kobold brigand, wielding a +0 whip and quivering poisoned darts (severely wounded, 61% to hit)
You shoot an arrow.
The arrow barely misses the kobold brigand.
The kobold brigand hits you with a +0 whip!
You die...

# ##...##
#####.≈..≈# ...
≈≈≈≈≈≈...≈# ?..
#####≈....# .!≈ #
##≈.≈## #.# ##≈##
#.# #≈# #.# #≈# #K#
##≈## ##@## #
##...## ##≈.≈##
#####...≈.####≈....#
≈≈≈≈≈≈≈.≈≈≈≈≈≈≈.†..#
#####.....####)....#
# ##.≈≈## ##...##
##≈## ##≈## #≈# #≈#
#≈# #≈#


You could see a kobold brigand.

Vanquished Creatures
  A kobold brigand (Sewer)
  An iguana (D:4)
  An orc wizard (D:4)
  7 gnolls
  6 adders
  A river rat (Sewer)
  5 worms
  3 dart slugs
  2 orcs
  5 ball pythons
  4 endoplasms
  6 hobgoblins
  4 jackals (D:1)
  3 bats
  A frilled lizard (D:3)
  4 goblins
  6 kobolds
  6 rats
66 creatures vanquished.

Notes
Turn   | Place    | Note
-------+----------+-------------------------------------------
     0 | D:1      | Hasart the Demigod Hunter began the quest for the Orb.
     0 | D:1      | Reached XP level 1. HP: 17/17 MP: 3/3
   117 | D:1      | Reached skill level 1 in Stealth
   205 | D:1      | Reached XP level 2. HP: 24/24 MP: 4/4
   653 | D:2      | Reached skill level 4 in Bows
   759 | D:2      | Reached XP level 3. HP: 29/29 MP: 5/5
  1357 | D:3      | Reached XP level 4. HP: 37/37 MP: 6/6
  2235 | D:4      | Noticed Duvessa
  2235 | D:4      | Noticed Dowan
  2278 | D:4      | Reached XP level 5. HP: 3/42 MP: 7/7
  2446 | D:4      | Noticed Edmund
  2609 | D:4      | Noticed Sigmund
  2665 | D:4      | Found a glowing drain.
  2670 | Sewer    | Entered a sewer
  2787 | Sewer    | Reached skill level 5 in Bows
  2868 | Sewer    | Reached XP level 6. HP: 25/51 MP: 8/8
  2873 | Sewer    | Slain by a kobold brigand

Illustrated notes

Levels and vault maps discovered:
D:1:      scummos_arrival_simple_fountains, layout_loops_ring,
          ebering_ecumenical_altar_webs
D:2:      layout_basic, basic_altar, minmay_misc_feat_hallway,
          nicolae_concentric_dashed_squares_wild
D:3:      layout_basic
D:4:      layout_gridville, portal_sewer_entry_e, uniq_sigmund, uniq_edmund,
          uniq_duvessa
Sewer:    sewer_co_15_rooms

Skill      XL: |  1  2  3  4  5 |
---------------+----------------+-----
Stealth        | 1 2 |  2.8
Fighting       | 2 3 |  3.0
Dodging        | 2 3 |  3.1
Bows           | 4 5 |  5.2

Action                   |  1- 3 |  4- 6 || total
-------------------------+-------+-------++-------
 Fire: Shortbow          |    73 |   120 ||   193
Armor: Leather armour    |     4 |     8 ||    12
Dodge: Dodged            |    10 |    28 ||    38

Table legend: (Time is in decaauts)
 A = Elapsed time spent in this place.
 B = Non-inter-level travel time spent in this place.
 C = Inter-level travel time spent in this place.
 D = Time resting spent in this place.
 E = Time spent auto-exploring this place.
 F = Levels seen in this place.
 G = Mean time per level.
                   A        B        C        D        E       F      G
               +--------+--------+--------+--------+--------+-----+--------+
         Total |   2955 |   2785 |    170 |    179 |   2104 |   5 |  591.0 |
       Dungeon |   2722 |   2552 |    170 |    179 |   1953 |   4 |  680.5 |
         Sewer |    233 |    233 |      0 |      0 |    151 |   1 |  233.0 |
               +--------+--------+--------+--------+--------+-----+--------+

Top non-repeatable levels by time:
     D:3: 1142 daAuts
     D:2: 684 daAuts
     D:1: 659 daAuts
     D:4: 235 daAuts
   Sewer: 233 daAuts
